 Dungeon Crawl Stone Soup version 0.25-a0-632-g7713895373 (webtiles) character file.

Game seed: 15549707930180362951, levelgen mode: deterministic

124 mopl the Digger (level 4, -7/30 HPs)
             Began as a Demonspawn Earth Elementalist on Mar 19, 2020.
             Killed by nerve-wracking pain
             ... invoked by an orc priest
              (14 damage)
             ... on level 4 of the Dungeon.
             The game lasted 00:03:07 (1895 turns).

mopl the Digger (Demonspawn Earth Elementalist)     Turns: 1895, Time: 00:03:08

Health: -7/30      AC:  2    Str:  8    XL:     4   Next: 81%
Magic:  2/8        EV: 12    Int: 17    God:
Gold:   92         SH:  0    Dex: 14    Spells: 3/9 levels left

rFire    . . .     SeeInvis .   a - +1 dagger (venom)
rCold    . . .     Gourm    .   (no shield)
rNeg     . . .     Faith    .   d - +0 robe
rPois    .         Spirit   .   (no helmet)
rElec    .         Reflect  .   (no cloak)
rCorr    .         Harm     .   (no gloves)
MR       +....                  (no boots)
Stlth    ++........             (no amulet)
HPRegen  0.10/turn              o - ring of protection from magic
MPRegen  0.11/turn              (no ring)

@: no status effects
A: hooves 1
a: no special abilities


You were on level 4 of the Dungeon.
You were not hungry.

You visited 1 branch of the dungeon, and saw 3 of its levels.

You collected 92 gold pieces.

Inventory:

Hand Weapons
 a - a +1 dagger of venom (weapon)
Missiles
 b - 28 stones (quivered)
 k - 3 javelins
 m - 15 poisoned darts
 p - 6 boomerangs
Armour
 d - a +0 robe (worn)
Jewellery
 o - a ring of protection from magic (left hand)
Scrolls
 e - 2 scrolls of teleportation
 g - a scroll of identify {unknown}
 h - a scroll of remove curse
 j - a scroll of immolation
 l - a scroll of fog {unknown}
Potions
 f - 3 potions of curing {unknown}
 i - a potion of flight {unknown}
Comestibles
 c - 3 rations
 n - a chunk of flesh


   Skills:
 - Level 1.7 Dodging
 + Level 2.5 Stealth
 * Level 3.1 Spellcasting
 + Level 1.0 Conjurations
 + Level 1.5 Transmutations
 * Level 3.6 Earth Magic


You had 3 spell levels left.
You knew the following spells:

 Your Spells              Type           Power        Failure   Level  Hunger
a - Sandblast             Erth           ##....       4%          1    None
b - Stone Arrow           Conj/Erth      ##....       21%         3    ###....
p - Passwall              Tmut/Erth      ##......     9%          2    ##.....

Your spell library contained the following spells:

 Spells                   Type           Power        Failure   Level  Hunger
 Petrify                  Tmut/Erth      ##......     52%         4    ####...
 Lee's Rapid Deconstruct  Erth           ##........   73%         5    ######.


Dungeon Overview and Level Annotations

Branches:
Dungeon (2/15)

Altars:


Innate Abilities, Weirdness & Mutations

You have large cloven feet.


Message History

Aiming: Sandblast (safe; 4% risk of failure)
Press: ? - help, Shift-Dir - straight line, f/p - orc priest
Aim: an orc priest, wearing a +0 chain mail (heavily wounded, very poisoned)
The blast of sand hits the orc priest but does no damage.
The orc priest is heavily wounded.
b - 29 stones The orc priest looks braver for a moment.
The orc hits you but does no damage.
Unknown command.
Casting: Sandblast (safe; 4% risk of failure)
Confirm with . or Enter, or press ? or * to list all spells.
Aiming: Sandblast (safe; 4% risk of failure)
Press: ? - help, Shift-Dir - straight line, f/p - orc priest
Aim: an orc priest, wearing a +0 chain mail (severely wounded, very poisoned)
The blast of sand hits the orc priest but does no damage.
The orc priest is severely wounded.
b - 28 stones The orc priest invokes the aid of Beogh against you.
Pain shoots through your body!
You die...

...........#
...........#
...........#
...#.....#.#
##.####### ##.#
...# .# .###
.[####### .#
.#..)@.# .#
#....oo.# .#
##......# .#
#.##.### ####
#######.#$.#
...###..........#
##.......###...##
.....###....#..#
###### ####....#


You could see an orc priest and an orc.

Vanquished Creatures
  A crimson imp (D:4)
  An orc priest (D:4)
  2 adders
  A worm (D:4)
  A dart slug (D:1)
  2 leopard geckos
  5 bats (D:1)
  3 giant cockroaches
  6 goblins
  3 hobgoblins (D:1)
  7 kobolds
  3 frilled lizards
  4 rats
39 creatures vanquished.

Notes
Turn   | Place    | Note
-------+----------+-------------------------------------------
     0 | D:1      | mopl the Demonspawn Earth Elementalist began the quest for
                  | the Orb.
     0 | D:1      | Reached XP level 1. HP: 13/13 MP: 3/3
   426 | D:1      | Reached skill level 2 in Stealth
   426 | D:1      | Gained mutation: You have large cloven feet. [demonic
                  | ancestry]
   426 | D:1      | Reached XP level 2. HP: 11/19 MP: 0/5
   797 | D:1      | Reached skill level 3 in Earth Magic
   885 | D:1      | Learned a level 2 spell: Passwall
  1091 | D:1      | Reached skill level 1 in Transmutations
  1188 | D:1      | Reached XP level 3. HP: 8/24 MP: 6/6
  1541 | D:2      | Learned a level 3 spell: Stone Arrow
  1649 | D:2      | You fall into a shaft and drop 2 floors!
  1677 | D:4      | Reached skill level 3 in Spellcasting
  1677 | D:4      | Reached XP level 4. HP: 19/30 MP: 4/8
  1887 | D:4      | Reached skill level 1 in Conjurations
  1895 | D:4      | Killed from afar by an orc priest

Levels and vault maps discovered:
D:1:      kennysheep_arrival_seaside, layout_loops_ring
D:2:      layout_basic
D:4:      layout_rooms, kennysheep_mini_moat

Skill      XL: |  1  2  3  4 |
---------------+-------------+-----
Stealth        | 2 |  2.5
Earth Magic    | 3 |  3.6
Transmutations | 1 |  1.5
Spellcasting   | 3 |  3.1
Conjurations   | 1 |  1.0
Dodging        | |  1.7

Action                   |  1- 3 |  4- 6 || total
-------------------------+-------+-------++-------
Melee: Dagger            |   103 |     5 ||   108
       Kick              |    17 |       ||    17
 Cast: Sandblast         |    25 |     7 ||    32
  Use: Scroll            |       |     3 ||     3
 Stab: Sleeping          |     5 |     2 ||     7
  Eat: Chunk             |     3 |       ||     3
Armor: Robe              |    33 |       ||    33
Dodge: Dodged            |    74 |     6 ||    80

Table legend:
 A = Non-vault XP
 B = Vault XP
 C = Vault XP percentage of total XP
 D = Non-vault monster count
 E = Vault monster count
 F = Vault count percentage of total count
                 A         B        C        D         E       F
            +---------+---------+-------+---------+---------+-------
      Total |     178 |       0 |   0.0 |      39 |       0 |   0.0
            +---------+---------+-------+---------+---------+-------
        D:1 |      45 |       0 |   0.0 |      26 |       0 |   0.0
        D:2 |      25 |       0 |   0.0 |       8 |       0 |   0.0
        D:4 |     108 |       0 |   0.0 |       5 |       0 |   0.0
            +---------+---------+-------+---------+---------+-------
